 Dungeon Crawl Stone Soup version 0.16.2-12-gd0ad4c3 (webtiles) character file.

93 strawman the Chopper (level 4, 0/33 HPs)
             Began as a Demonspawn Gladiator on Oct 24, 2015.
             Slain by a gnoll
             ... wielding a +0 club
              (6 damage)
             ... on level 3 of the Dungeon.
             The game lasted 00:05:58 (2401 turns).

strawman the Chopper (Demonspawn Gladiator)         Turns: 2401, Time: 00:06:01

Health: 0/33       AC:  4    Str: 15    XL:     4   Next: 37%
Magic:  4/4        EV: 12    Int: 10    God:
Gold:   59         SH:  0    Dex: 14    Spells: 0 memorised, 3 levels left

rFire  . . .     SeeInvis .     a - +0 war axe
rCold  . . .     Clarity  .     b - +0 leather armour
rNeg   . . .     SustAb   .     (no shield)
rPois  .         Gourm    .     c - +0 helmet
rElec  .         Spirit   .     (no cloak)
rCorr  .         Warding  .     (no gloves)
rMut   .         Stasis   .     (no boots)
MR     .....                    (no amulet)
Stlth  +.........               (no ring)
                                (no ring)

@: not resistant to hostile enchantments, very unstealthy
A: claws 1, powered by death 1
a: no special abilities


You were on level 3 of the Dungeon.
You were not hungry.

You visited 1 branch of the dungeon, and saw 3 of its levels.

You collected 59 gold pieces.

Inventory:

Hand weapons
 a - a +0 war axe (weapon)
Missiles
 d - 4 throwing nets (quivered)
Armour
 b - a +0 leather armour (worn)
 c - a +0 helmet (worn)
Jewellery
 h - an uncursed amulet of clarity {unknown}
 k - a cursed ring of teleportation {unknown}
Scrolls
 l - a scroll of magic mapping {unknown}
 m - a scroll of remove curse {unknown}
 n - a scroll of enchant weapon {unknown}
 p - a scroll of teleportation {unknown}
Potions
 e - a potion of degeneration {unknown}
 f - a potion of curing {unknown}
 i - a potion of invisibility {unknown}
 o - a potion of mutation {unknown}
 q - a potion of might {unknown}
 r - a potion of agility {unknown}
Comestibles
 g - a meat ration


   Skills:
 - Level 2.0 Fighting
 + Level 4.7 Axes
 - Level 1.7 Throwing
 - Level 2.6 Dodging


You had 3 spell levels left.
You didn't know any spells.

Dungeon Overview and Level Annotations

Branches:
Dungeon (3/15)

Altars:
Vehumet

Annotations:
D:3 Kharon's ghost, weakling DEWz


Innate Abilities, Weirdness & Mutations

You have sharp fingernails.
You can steal the life force of nearby defeated enemies.


Message History

The gnoll hits you with a club! The gnoll hits you with a club.
The gnoll hits you from afar with a spear.
You hit the gnoll.
The gnoll is lightly wounded.
The gnoll completely misses you. The gnoll closely misses you.
You closely miss the gnoll.
The gnoll is lightly wounded.
The gnoll hits you but does no damage. The gnoll hits you with a club.
* * * LOW HITPOINT WARNING * * *
You hit the gnoll.
The gnoll is lightly wounded.
The gnoll barely misses you. The gnoll closely misses you.
You barely miss the gnoll.
The gnoll is lightly wounded.
The gnoll closely misses you.
The gnoll hits you from afar with a spear.
* * * LOW HITPOINT WARNING * * *
The gnoll hits you with a club.
You die...

# .
#......#..#.#
#.....(#..#.#
########..#.#
#..#.# #..#.#
#..#g#
######..#.#
###.....###.#
#.......@ggg#
#.#.....#####
#.....#
#.....#
#######


You could see 3 gnolls.

Vanquished Creatures
  2 adders
  A gnoll (D:1)
  A worm (D:3)
  3 giant geckos
  10 orcs (D:3)
  4 giant cockroaches
  6 goblins
  2 hobgoblins (D:1)
  3 kobolds
  A quokka (D:2)
  A ball python (D:2)
  4 bats
  5 giant newts
  8 rats
51 creatures vanquished.

Vanquished Creatures (others)
  A giant gecko (D:2)
1 creature vanquished.

Grand Total: 52 creatures vanquished

Notes
Turn   | Place    | Note
--------------------------------------------------------------
     0 | D:1      | strawman, the Demonspawn Gladiator, began the quest for the Orb.
     0 | D:1      | Reached XP level 1. HP: 16/16 MP: 1/1
   232 | D:1      | Reached skill level 3 in Axes
   398 | D:1      | Gained mutation: You have sharp fingernails. [demonic ancestry]
   398 | D:1      | Reached XP level 2. HP: 13/22 MP: 2/2
  1192 | D:2      | Found a radiant altar of Vehumet.
  1210 | D:2      | Reached XP level 3. HP: 24/27 MP: 3/3
  1449 | D:2      | Reached skill level 4 in Axes
  2114 | D:3      | Gained mutation: You can steal the life force of nearby defeated enemies. [demonic ancestry]
  2114 | D:3      | Reached XP level 4. HP: 29/33 MP: 4/4
  2174 | D:3      | Noticed Kharon's ghost (weakling DEWz)
  2401 | D:3      | Slain by a gnoll

Action                   |  1- 3 |  4- 6 || total
-------------------------+-------+-------++-------
Melee: War axe           |   154 |    42 ||   196
  Eat: Bread ration      |     1 |       ||     1
       Beef jerky        |       |     1 ||     1
